 Dungeon Crawl Stone Soup version 0.30.0-29-ga12c61a403 (webtiles) character file.

Game seed: 2386279093855435698

64 Bamboolord the Twirler (level 3, -6/25 HPs)
             Began as a Demonspawn Wanderer on June 5, 2023.
             Mangled by Crazy Yiuf
             ... wielding a +4 quarterstaff of chaos
              (20 damage)
             ... on level 2 of the Dungeon.
             The game lasted 00:04:15 (1212 turns).

Bamboolord the Twirler (Demonspawn Wanderer)        Turns: 1212, Time: 00:04:15

Health: -6/25      AC:  3    Str: 10    XL:     3   Next: 91%
Magic:  5/5        EV: 11    Int: 15    God:
Gold:   127        SH:  0    Dex: 20    Spells: 2/4 levels left

rFire   . . .        a - +2 quarterstaff
rCold   . . .        (shield currently unavailable)
rNeg    . . .        e - +0 robe
rPois   .            g - +0 helmet
rElec   .            (no cloak)
rCorr   .            (no gloves)
SInv    .            (no boots)
Will    .....        (no amulet)
Stlth   ++           j - +6 ring of dexterity
HPRegen 0.24/turn    (no ring)
MPRegen 0.09/turn

%: no passive effects
@: mighty
A: powered by death 1
a: no special abilities


You were on level 2 of the Dungeon.
You visited 1 branch of the dungeon, and saw 2 of its levels.

You collected 127 gold pieces.

Inventory:

Hand Weapons
 a - a +2 quarterstaff (weapon)
Missiles
 b - 11 poisoned darts (quivered)
Armour
 e - a +0 robe (worn)
 g - a +0 helmet (worn)
Jewellery
 j - a +6 ring of dexterity (left hand)
Scrolls
 h - a scroll of butterflies
 k - a scroll of blinking {unknown}
 l - 2 scrolls of teleportation
 m - a scroll of enchant weapon {unknown}
 n - a scroll of poison {unknown}
Potions
 c - 2 potions of resistance {unknown}
 d - 2 potions of heal wounds
 f - 2 potions of degeneration
 i - a potion of curing {unknown}
 o - a potion of haste {unknown}


   Skills:
 * Level 0.4 Fighting
 * Level 4.3 Staves
 - Level 1.0 Throwing
 * Level 0.4 Dodging
 * Level 2.3 Stealth
 * Level 1.4 Spellcasting
 * Level 0.1 Conjurations
 * Level 2.1 Translocations


You had 2 spell levels left.
You knew the following spells:

 Your Spells              Type           Power      Damage    Failure   Level
a - Apportation           Tloc           14%        N/A       10%         1
b - Magic Dart            Conj           4%         1d3       22%         1

Your spell library contained the following spells:

 Spells                   Type           Power      Damage    Failure   Level
 Searing Ray              Conj           2%         2d4       32%         2
 Portal Projectile        Hex/Tloc       8%         N/A       43%         3
 Fulminant Prism          Conj/Hex       0%         3d5       92%         4


Dungeon Overview and Level Annotations

Branches:
Dungeon (2/15)

Altars:

Annotations:
D:2 Crazy Yiuf


Innate Abilities, Weirdness & Mutations

You regenerate a little health from kills.


Message History

You barely miss the goblin.
The goblin is moderately wounded.
The goblin hits you but does no damage.
You sock the goblin!
You kill the goblin!
No target in view!
No target in view!
Things that are here:
a +0 dagger; a +2 sling of freezing; a goblin corpse
n - a scroll labelled TUDIME BUQUYVO
Things that are here:
a +0 club; a goblin corpse You see here a +0 plate armour.
o - a sapphire potion You now have 127 gold pieces (gained 14).
There is an escape hatch in the floor here.
You see here a +0 whip.
A frilled lizard comes into view.
There is a stone staircase leading down here.
A frilled lizard is nearby!
The frilled lizard bites you.
You hit the frilled lizard.
You kill the frilled lizard!
No target in view!
No target in view!
Found a hammer.
Found a runed translucent door.
You open the door.
There is an open translucent door here.
Crazy Yiuf shouts!
You barely miss Crazy Yiuf.
Crazy Yiuf hits you with a +4 quarterstaff of chaos!
You feel very mighty all of a sudden.
You hit Crazy Yiuf.
Crazy Yiuf is moderately wounded.
Crazy Yiuf closely misses you.
You sock Crazy Yiuf!
Crazy Yiuf is almost dead.
Crazy Yiuf hits you with a +4 quarterstaff of chaos!!
Ouch! That really hurt!
You die...

...##†#
#.........#
###......#
..##..#
##.........###
#......#
.##..##
#............#
#......#
†#..#.#
#..###########
#......###
.).#.## #..#
#....>....
..#.#.# ####
#####
#......###
####### #..)#
#.[.......
#.g.#
#......##.
#.@.#
#######.###.
##'##
#.....#.# #.
♣♣.♣ #.....#.#
#. ♣.♣♣
#.....#.# #.
♣♣.♣ #.....#.#
#. ♣.♣♣
#.......# #.
♣♣.♣♣
##.###### #.
♣...♣♣ ##.# ##
♣....♣ #..#


You could see Crazy Yiuf.

Vanquished Creatures
  A gnoll (D:2)
  An adder (D:2)
  A worm (D:2)
  2 dart slugs
  2 ball pythons
  5 bats
  3 endoplasms
  2 giant cockroaches
  4 goblins
  4 hobgoblins
  A quokka (D:1)
  4 frilled lizards
  4 kobolds
  3 rats
37 creatures vanquished.

Notes
Turn   | Place    | Note
-------+----------+-------------------------------------------
     0 | D:1      | Bamboolord the Demonspawn Wanderer began the quest for the
                  | Orb.
     0 | D:1      | Bamboolord set off with the following items: a +2
                  | quarterstaff, 13 poisoned darts, a +0 dagger, a potion of
                  | heal wounds, a +0 robe; and the following spell memorised:
                  | Apportation; and the following spells available to
                  | memorise: Portal Projectile.
     0 | D:1      | Reached XP level 1. HP: 13/13 MP: 2/2
   122 | D:1      | Gained mutation: You regenerate a little health from kills.
                  | [demonic ancestry]
   122 | D:1      | Reached XP level 2. HP: 16/19 MP: 3/3
   350 | D:1      | Reached skill level 4 in Staves
   687 | D:2      | Reached XP level 3. HP: 24/24 MP: 4/4
   896 | D:2      | Learned a level 1 spell: Magic Dart
  1203 | D:2      | Found a runed translucent door.
  1204 | D:2      | Noticed Crazy Yiuf
  1212 | D:2      | Mangled by Crazy Yiuf

Illustrated notes

Levels and vault maps discovered:
D:1:      saegor_arrival_simple_c, layout_basic, minmay_misc_feat_four_crosses
D:2:      minmay_diamond_boxcup, layout_basic,
          amcnicky_mini_rare_corridor_liquid, uniq_crazy_yiuf_cottage

Skill      XL: |  1  2  3 |
---------------+----------+-----
Staves         | 4 |  4.3
Stealth        | 2 |  2.3
Translocations | 2 |  2.1
Fighting       | |  0.4
Throwing       | |  1.0
Dodging        | |  0.4
Spellcasting   | |  1.4
Conjurations   | |  0.1

Action                     || total
---------------------------++-------
  Melee: Quarterstaff      ||    94
  Throw: Dart              ||    12
    Use: Scroll            ||     3
   Stab: Sleeping          ||     9
         Distracted        ||     1
 Armour: Robe              ||    18
  Dodge: Dodged            ||    47
